 Dungeon Crawl Stone Soup version 0.17.0-28-g6e173f8 (console) character file.

1598 Kloppie the Fighter (level 9, -7/76 HPs)
             Began as a Formicid Fighter on Nov 22, 2015.
             Mangled by an orc warrior
             ... wielding a +0 long sword
              (16 damage)
             ... on level 6 of the Dungeon.
             The game lasted 00:10:02 (5731 turns).

Kloppie the Fighter (Formicid Fighter)              Turns: 5731, Time: 00:10:02

Health: -7/76      AC: 10    Str: 21    XL:     9   Next: 15%
Magic:  9/9        EV:  5    Int: 10    God:
Gold:   285        SH:  9    Dex: 13    Spells: 0 memorised, 8 levels left

rFire  . . .     SeeInvis +     p - +1 halberd (vamp)
rCold  . . .     Clarity  +     t - +0 chain mail
rNeg   . . .     SustAt   .     c - +0 shield
rPois  .         Gourm    .     (helmet unavailable)
rElec  .         Spirit   .     (no cloak)
rCorr  .         Warding  .     m - +0 pair of gloves
rMut   .         Stasis   +     (no boots)
MR     .....                    k - amulet of clarity
Stlth  ..........               (no ring)
                                y - +2 ring of intelligence

@: not resistant to hostile enchantments, extremely unstealthy
A: permanent stasis, dig shafts and tunnels, four strong arms, antennae 3
a: Dig, Shaft Self


You were on level 6 of the Dungeon.
You were not hungry.

You visited 1 branch of the dungeon, and saw 6 of its levels.
You also visited: Sewer.

You collected 285 gold pieces.

Inventory:

Hand Weapons
 a - a +0 war axe
 j - a +0 trident
 p - a +1 vampiric halberd (weapon)
Armour
 c - a +0 shield (worn)
 m - a +0 pair of gloves (worn)
 o - a +0 large shield
 t - a +0 chain mail (worn)
Jewellery
 k - an amulet of clarity (around neck)
 y - a +2 ring of intelligence (left hand)
Scrolls
 b - a scroll of magic mapping
 s - a scroll of recharging
 x - 4 scrolls of remove curse
 G - a scroll of fog
Potions
 d - a potion of cure mutation
 h - 3 potions of curing
 n - 3 potions of poison
 q - a potion of flight
 v - a potion of magic {unknown}
 w - 2 potions of brilliance {unknown}
 A - a potion of lignification {unknown}
 B - a potion of haste {unknown}
 C - a potion of heal wounds {unknown}
 I - a potion of berserk rage {unknown}
 J - a potion of invisibility {unknown}
 K - a potion of cancellation {unknown}
Books
 g - a book of Changes

   Spells                             Type                      Level
   a - Beastly Appendage              Transmutation                1
   b - Sticks to Snakes               Transmutation                2
   c - Spider Form                    Transmutation/Poison         3
   d - Ice Form                       Ice/Transmutation            4
   e - Blade Hands                    Transmutation                5
Comestibles
 e - 4 bread rations
 f - 6 chunks of flesh
 i - 3 meat rations
 r - 3 fruits
 H - 2 beef jerkies
 L - a slice of pizza


   Skills:
 + Level 9.1 Fighting
 - Level 2.9(5.4) Axes
 + Level 7.2(7.5) Polearms
 - Level 3.2 Armour
 - Level 3.6 Shields


You had 8 spell levels left.
You didn't know any spells.

Dungeon Overview and Level Annotations

Branches:
Dungeon (6/15)             Temple (0/1) D:4

Altars:
Fedhas
Gozag
Nemelex Xobeh
Trog


Innate Abilities, Weirdness & Mutations

You are under a permanent stasis effect.
You can dig through walls and to a lower floor.
Your four strong arms can wield two-handed weapons with a shield.
You have a pair of large antennae on your head (SInv).


Message History

The orc warrior barely misses you.
You closely miss the orc warrior.
The orc warrior is moderately wounded.
The orc hits you with a flail!
* * * LOW HITPOINT WARNING * * *
You block the orc's attack.
The orc warrior hits you but does no damage.
You completely miss the orc. You block the orc's attack.
The orc hits you but does no damage. The orc warrior barely misses you.
You closely miss the orc. You block the orc's attack.
The orc hits you but does no damage. The orc warrior barely misses you.
You hit the orc but do no damage. The orc hits you with a flail.
* * * LOW HITPOINT WARNING * * *
You block the orc's attack.
The orc warrior hits you with a long sword!
* * * LOW HITPOINT WARNING * * *
Drink which item? (? for menu, Esc to quit)
You feel better. The orc completely misses you. The orc closely misses you.
The orc warrior hits you with a long sword!
You die...

........ ......#
...... ..... #... #..#
#oo# #####@o##
##...(...#
###...(....#
##..........#
##...........## #..
##.............#
##..##..............#
.#..#.............<.##
.#..##...............#


You could see an orc warrior and 2 orcs.

Vanquished Creatures
  Eustachio (D:5)
  Menkaure (D:5)
  A black bear (D:6)
  2 ogres
  A necrophage (D:5)
  A sky beast (D:6)
  The ghost of Kloppie the Ruffian, an amateur DrTm (D:3)
  A centaur (D:6)
  A giant frog (D:6)
  2 scorpions
  A jelly (D:5)
  An orc priest (D:5)
  A hound (D:5)
  3 orc wizards
  A worker ant (D:5)
  A giant frog skeleton (D:4)
  Jessica (D:3)
  12 adders
  A gnoll (D:1)
  2 river rats (D:4)
  2 oozes
  An adder zombie (D:5)
  3 worms
  10 giant geckos
  21 orcs
  3 ball pythons
  4 bats
  5 giant cockroaches
  6 goblins
  8 hobgoblins
  15 jackals
  9 kobolds
  5 quokkas
  15 giant newts
  A quokka skeleton (D:5)
  14 rats
158 creatures vanquished.

Notes
Turn   | Place    | Note
--------------------------------------------------------------
     0 | D:1      | Kloppie the Formicid Fighter began the quest for the Orb.
     0 | D:1      | Reached XP level 1. HP: 18/18 MP: 1/1
    32 | D:1      | Reached XP level 2. HP: 16/24 MP: 2/2
   543 | D:1      | Reached XP level 3. HP: 30/30 MP: 3/3
   673 | D:1      | Reached skill level 4 in Fighting
  1271 | D:1      | Reached XP level 4. HP: 37/37 MP: 4/4
  1496 | D:2      | Reached skill level 1 in Polearms
  1598 | D:2      | Found a faded altar to an unknown god.
  1598 | D:2      | Found a sparkling altar of Nemelex Xobeh.
  2079 | D:3      | Reached XP level 5. HP: 40/43 MP: 5/5
  2082 | D:3      | Reached skill level 5 in Fighting
  2336 | D:3      | Noticed Kloppie's ghost (amateur DrTm)
  2354 | D:3      | Killed Kloppie's ghost
  2354 | D:3      | Reached XP level 6. HP: 12/51 MP: 6/6
  2467 | D:3      | Noticed Jessica
  2476 | D:3      | Killed Jessica
  2870 | D:3      | Found a blossoming altar of Fedhas.
  3070 | D:4      | Found a staircase to the Ecumenical Temple.
  3418 | D:4      | Reached skill level 6 in Fighting
  3427 | D:4      | Found a glowing drain.
  3436 | Sewer    | Entered a sewer
  3887 | D:4      | Reached XP level 7. HP: 52/58 MP: 7/7
  4157 | D:5      | Entered Level 5 of the Dungeon
  4286 | D:5      | Noticed Eustachio
  4533 | D:5      | Killed Eustachio
  4732 | D:5      | Found an opulent altar of Gozag.
  4833 | D:5      | Reached skill level 7 in Fighting
  4856 | D:5      | Noticed Menkaure
  4865 | D:5      | Killed Menkaure
  4865 | D:5      | Reached skill level 5 in Polearms
  4865 | D:5      | Reached XP level 8. HP: 18/67 MP: 8/8
  5160 | D:5      | Found a bloodstained altar of Trog.
  5343 | D:5      | Reached skill level 8 in Fighting
  5611 | D:6      | Reached XP level 9. HP: 70/75 MP: 9/9
  5660 | D:6      | Reached skill level 9 in Fighting
  5730 | D:6      | HP: 2/76 [orc warrior/long sword (9)]
  5731 | D:6      | Mangled by an orc warrior

Action                   |  1- 3 |  4- 6 |  7- 9 || total
-------------------------+-------+-------+-------++-------
Melee: War axe           |    54 |       |       ||    54
       Halberd           |    59 |   300 |   234 ||   593
  Use: Potion            |       |     1 |     3 ||     4
       Scroll            |       |       |    13 ||    13
  Eat: Fruit             |     3 |       |       ||     3
       Meat ration       |     1 |       |       ||     1
       Chunk             |       |     7 |     7 ||    14
